 Dungeon Crawl Stone Soup version 0.25.1-8-g42b30a86e7 (console) character file.

Game seed: 7593749288382251123

40 thromnambular the Vexing (level 3, -2/14 HPs)
             Began as a Felid Enchanter on Dec 20, 2020.
             Was an Initiate of Makhleb.
             Killed from afar by Sigmund (6 damage)
             ... with a magic dart
             ... on level 2 of the Dungeon on Dec 21, 2020.
             The game lasted 00:06:34 (2099 turns).

thromnambular the Vexing (Felid Enchanter)          Turns: 2099, Time: 00:06:34

Health: -2/14      AC:  1    Str:  4    XL:     3   Next: 30%
Magic:  6/7        EV: 19    Int: 17    God:    Makhleb [......]
Gold:   76         SH:  0    Dex: 16    Spells: 3/6 levels left
                                        Lives:  0   Deaths: 0

rFire    . . .     SeeInvis +     - Unarmed
rCold    . . .     Gourm    .   (shield unavailable)
rNeg     . . .     Faith    .   (armour unavailable)
rPois    .         Spirit   .   (helmet unavailable)
rElec    .         Reflect  .   (cloak unavailable)
rCorr    .         Harm     .   (gloves unavailable)
MR       +....                  (boots unavailable)
Stlth    ++++......             (no amulet)
HPRegen  0.04/turn              d - ring of protection from magic
MPRegen  0.10/turn              g - ring of stealth

@: quick
A: very small, no armour, no weapons or thrown items, stealth, claws 1, fangs 3,
see invisible, carnivore, speed 1, shaggy fur 1, slow metabolism 1, sharp paws
a: Renounce Religion


You were on level 2 of the Dungeon.
You worshipped Makhleb.
Makhleb was noncommittal.
You were completely stuffed.

You visited 1 branch of the dungeon, and saw 2 of its levels.

You collected 76 gold pieces.

Inventory:

Jewellery
 d - a ring of protection from magic (left paw)
 g - a ring of stealth (right paw)
Wands
 h - a wand of flame (8)
Scrolls
 c - a scroll of fear {unknown}
 f - a scroll of magic mapping {unknown}
Potions
 a - a potion of haste {unknown}
 e - a potion of curing {unknown}
 j - a potion of ambrosia {unknown}
Comestibles
 b - a ration
 i - 3 chunks of flesh


   Skills:
 + Level 3.4 Dodging
 + Level 4.6 Stealth
 + Level 1.7 Unarmed Combat
 - Level 2.0 Spellcasting
 + Level 5.0 Hexes


You had 3 spell levels left.
You knew the following spells:

 Your Spells              Type           Power        Failure   Level  Hunger
a - Corona                Hex            ###....      2%          1    #......
b - Ensorcelled Hibernat  Hex/Ice        ##....       11%         2    ###....

Your spell library contained the following spells:

 Spells                   Type           Power        Failure   Level  Hunger
 Confusing Touch          Hex            ###.....     8%          3    ###....
 Tukima's Dance           Hex            ###.....     8%          3    ###....
 Dazzling Flash           Conj/Hex       ##....       21%         3    ###....


Dungeon Overview and Level Annotations

Branches:
Dungeon (2/15)

Altars:
Makhleb

Annotations:
D:2 Sigmund


Innate Abilities, Weirdness & Mutations

You cannot wear armour.
You are incapable of wielding weapons or throwing items.
Your paws allow you to move quietly. (Stealth)
You have sharp claws.
You have razor-sharp teeth.
You have supernaturally acute eyesight. (SInv)
You are carnivorous and can eat meat at any time.
You cover ground quickly.
You are covered in fur. (AC +1)
You have a slow metabolism.
Your sharp claws are effective at attacking unaware monsters.


Message History

Sigmund points at you and mumbles some strange words.
The magic dart hits you!
Ouch! That really hurt!
* * * LOW HITPOINT WARNING * * *
You see here a dagger.
Evoke which item? (* to show all) (? for menu, Esc to quit)
Aiming: Throw Flame
Press: ? - help, Shift-Dir - straight line, f/p - Sigmund
Aim: Sigmund, wielding a +2 scythe of protection and wearing a +0 robe (almost dead, slightly transparent)
The puff of flame hits Sigmund but does no damage.
Sigmund is almost dead.
Evoke which item? (* to show all) (? for menu, Esc to quit)
Aiming: Throw Flame
Press: ? - help, Shift-Dir - straight line, f/p - Sigmund
Aim: Sigmund, wielding a +2 scythe of protection and wearing a +0 robe (almost dead, slightly transparent)
The puff of flame hits Sigmund.
Sigmund is almost dead.
Sigmund casts a spell at you. The magic dart hits you.
You die...

........)...# ####....###.###.#
###.)..###..###...............#
................######.#.....#
###..#.###..#### #.#.....#### #
#..#..##..# #.......<... #
#..##.##..# ###.....##.. #
#..##.##..# #.....# # #
#...#.##..# ###########..### #
#.....##.รท###.@..........# #
#.._......)@..##########.#
#......#.###### #.#
######.#.####### #.#
#.#...@...# #.# #.#######)# #.#
#.# ... #.# .. #.#


You could see Sigmund (invisible).

Vanquished Creatures
  A worm (D:2)
  3 dart slugs (D:1)
  2 leopard geckos (D:1)
  5 bats (D:1)
  A giant cockroach (D:1)
  6 goblins
  4 hobgoblins (D:1)
  A frilled lizard (D:1)
  2 kobolds (D:1)
  4 rats (D:1)
29 creatures vanquished.

Notes
Turn   | Place    | Note
-------+----------+-------------------------------------------
     0 | D:1      | thromnambular the Felid Enchanter began the quest for the
                  | Orb.
     0 | D:1      | Reached XP level 1. HP: 7/7 MP: 4/4
   933 | D:1      | Reached XP level 2. HP: 11/11 MP: 6/6
   937 | D:1      | Learned a level 2 spell: Ensorcelled Hibernation
  1381 | D:1      | Reached XP level 3. HP: 11/14 MP: 0/7
  1993 | D:2      | Found a burning altar of Makhleb.
  2058 | D:2      | Reached skill level 5 in Hexes
  2074 | D:2      | Became a worshipper of Makhleb the Destroyer
  2080 | D:2      | Noticed Sigmund
  2099 | D:2      | Killed from afar by Sigmund

Illustrated notes

Levels and vault maps discovered:
D:1:      lightli_arrival_maybe_door_vault, layout_loops_ring,
          minmay_misc_feat_tiny, roderic_serpentine_path
D:2:      layout_loops_ring, bloody_makhleb, minitemple, uniq_sigmund,
          uniq_terence, uniq_natasha

Skill      XL: |  1  2  3 |
---------------+----------+-----
Dodging        | 3 |  3.4
Hexes          | 5 |  5.0
Stealth        | |  4.6
Unarmed Combat | |  1.7
Spellcasting   | |  2.0

Action                   || total
-------------------------++-------
Melee: Unarmed           ||    55
       Bite              ||     5
 Cast: Corona            ||     6
       Ensorcelled Hiber ||    21
Evoke: Wand              ||     5
  Use: Scroll            ||     1
 Stab: Sleeping          ||    23
  Eat: Chunk             ||    11
Armor: Skin              ||     1
Dodge: Dodged            ||    28
